SAAA
VERMONT LAKE MONSTERS @ PLYMOUTH ROCKS
06/16/2034
 
TOP OF THE 1ST
Vermont Lake Monsters batting - Pitching for Plymouth Rocks : RHP Arturo Gramer
Pitching: RHP Arturo Gramer
Batting: RHB Cosmo Castanhedo 0-0: Ball
1-0: Swinging Strike
1-1: Ground out 5-3 (Groundball, 5L)
Batting: RHB Ricardo Téllez 0-0: Ball
1-0: Ball
2-0: Ground out 5-3 (Groundball, 56)
Batting: LHB Sébastien Cornu 0-0: Called Strike
0-1: Ball
1-1: Ball
2-1: Called Strike
2-2: Strikes out looking
Top of the 1st over - 0 runs, 0 hits, 0 errors, 0 left on base; Vermont 0 - Plymouth 0
BOTTOM OF THE 1ST
Plymouth Rocks batting - Pitching for Vermont Lake Monsters : RHP Ramón Martínez
Pitching: RHP Ramón Martínez
Batting: LHB Octávio Ontiveros 0-0: Ball
1-0: Fly out, F9 (Flyball, 9S)
Batting: LHB Edgardo De Jesús 0-0: Swinging Strike
0-1: Ball
1-1: Ball
2-1: Called Strike
2-2: Ball
3-2: Strikes out swinging
Batting: RHB Ernesto Trevino 0-0: Fly out, F5 (Popup, 56S)
Bottom of the 1st over - 0 runs, 0 hits, 0 errors, 0 left on base; Vermont 0 - Plymouth 0
TOP OF THE 2ND
Vermont Lake Monsters batting - Pitching for Plymouth Rocks : RHP Arturo Gramer
Batting: RHB Hsi-men King 0-0: Ball
1-0: Swinging Strike
1-1: Ball
2-1: Fly out, F8 (Flyball, 78D)
Batting: RHB Jason Slaybaugh 0-0: Foul Ball, location: 2F
0-1: Foul Ball, location: 2F
0-2: Strikes out swinging
Batting: RHB Gabe Cain 0-0: Ground out 4-3 (Groundball, 4)
Top of the 2nd over - 0 runs, 0 hits, 0 errors, 0 left on base; Vermont 0 - Plymouth 0
BOTTOM OF THE 2ND
Plymouth Rocks batting - Pitching for Vermont Lake Monsters : RHP Ramón Martínez
Batting: RHB Xi-ku See-to 0-0: Ball
1-0: Fly out, F8 (Flyball, 78M)
Batting: SHB Javier Vega 0-0: Foul Ball, location: 2F
0-1: Foul Ball, location: 2F
0-2: Fly out, F7 (Flyball, 78S)
Batting: RHB Chang-lit Min 0-0: Foul Ball, location: 2F
0-1: Ball
1-1: Foul Ball, location: 2F
1-2: Ball
2-2: Ball
3-2: Fly out, F9 (Flyball, 9S)
Bottom of the 2nd over - 0 runs, 0 hits, 0 errors, 0 left on base; Vermont 0 - Plymouth 0
TOP OF THE 3RD
Vermont Lake Monsters batting - Pitching for Plymouth Rocks : RHP Arturo Gramer
Batting: RHB Marcel Roks 0-0: Called Strike
0-1: Foul Ball, location: 2F
0-2: Ground out 4-3 (Groundball, 4)
Batting: RHB Ramón Soto 0-0: Ball
1-0: Called Strike
1-1: Ball
2-1: Foul Ball, location: 2F
2-2: Ball
3-2: Foul Ball, location: 2F
3-2: Strikes out looking
Batting: LHB Manuel Núńez 0-0: Called Strike
0-1: Called Strike
0-2: Foul Ball, location: 2F
0-2: Strikes out swinging
Top of the 3rd over - 0 runs, 0 hits, 0 errors, 0 left on base; Vermont 0 - Plymouth 0
BOTTOM OF THE 3RD
Plymouth Rocks batting - Pitching for Vermont Lake Monsters : RHP Ramón Martínez
Batting: LHB Jeff Lawson 0-0: Ball
1-0: Called Strike
1-1: Swinging Strike
1-2: Ball
2-2: Ball
3-2: Strikes out looking
Batting: RHB Bruce Ingilby 0-0: Foul Ball, location: 2F
0-1: Swinging Strike
0-2: Ball
1-2: Ground out 1-3 (Groundball, 15)
Batting: LHB Dae-ik Park 0-0: Called Strike
0-1: Called Strike
0-2: Ball
1-2: Strikes out looking
Bottom of the 3rd over - 0 runs, 0 hits, 0 errors, 0 left on base; Vermont 0 - Plymouth 0
TOP OF THE 4TH
Vermont Lake Monsters batting - Pitching for Plymouth Rocks : RHP Arturo Gramer
Batting: RHB Cosmo Castanhedo 0-0: Foul Ball, location: 2F
0-1: Ground out 6-3 (Groundball, 6)
Batting: RHB Ricardo Téllez 0-0: Foul Ball, location: 2F
0-1: Ball
1-1: Ball
2-1: Ball
3-1: Foul Ball, location: 2F
3-2: SINGLE (Line Drive, 7S)
Batting: LHB Sébastien Cornu 0-0: DOUBLE (Line Drive, 7LD)
Ricardo Téllez to third
Batting: RHB Hsi-men King 0-0: Ball
1-0: Fly out, F9 (Flyball, 9S)
Runner from 3rd tags up, SCORES, throw made
Batting: RHB Jason Slaybaugh 0-0: Fly out, F8 (Flyball, 8LXD)
Top of the 4th over - 1 run, 2 hits, 0 errors, 1 left on base; Vermont 1 - Plymouth 0
BOTTOM OF THE 4TH
Plymouth Rocks batting - Pitching for Vermont Lake Monsters : RHP Ramón Martínez
Batting: LHB Octávio Ontiveros 0-0: Ball
1-0: Called Strike
1-1: Ball
2-1: Ground out 6-3 (Groundball, 6M)
Batting: LHB Edgardo De Jesús 0-0: Ball
1-0: Swinging Strike
1-1: SINGLE (Groundball, 34D)
Batting: RHB Ernesto Trevino 0-0: Called Strike
0-1: Foul Ball, location: 2F
0-2: Ball
1-2: Ball
2-2: DOUBLE (Line Drive, 8RXD)
Edgardo De Jesús to third
Runner from 3rd tries for Home, SAFE, no throw
Batting: RHB Xi-ku See-to 0-0: Ball
1-0: Called Strike
1-1: Ball
2-1: Fly out, F5 (Popup, 5D)
Batting: SHB Javier Vega 0-0: Ball
1-0: Called Strike
1-1: Foul Ball, location: 2F
1-2: Ball
2-2: Foul Ball, location: 2F
2-2: Foul Ball, location: 2F
2-2: SINGLE (Groundball, 34D)
Ernesto Trevino to third
Runner from 3rd tries for Home, SAFE, no throw
Batting: RHB Chang-lit Min 0-0: Ball
1-0: Ball
2-0: Ball
3-0: Called Strike
3-1: Foul Ball, location: 2F
3-2: Ground out 6-3 (Groundball, 6)
Bottom of the 4th over - 2 runs, 3 hits, 0 errors, 1 left on base; Vermont 1 - Plymouth 2
TOP OF THE 5TH
Vermont Lake Monsters batting - Pitching for Plymouth Rocks : RHP Arturo Gramer
Batting: RHB Gabe Cain 0-0: Fly out, F8 (Flyball, 8RD)
Batting: RHB Marcel Roks 0-0: Ball
1-0: Foul Ball, location: 2F
1-1: Called Strike
1-2: Foul Ball, location: 2F
1-2: SINGLE (Flyball, 8LS)
Batting: RHB Ramón Soto 0-0: Ball
1-0: Ball
2-0: Called Strike
2-1: Fly out, F7 (Flyball, 7D)
Batting: LHB Manuel Núńez 0-0: Foul Ball, location: 2F
0-1: Ball
1-1: Called Strike
1-2: Strikes out swinging
Top of the 5th over - 0 runs, 1 hit, 0 errors, 1 left on base; Vermont 1 - Plymouth 2
BOTTOM OF THE 5TH
Plymouth Rocks batting - Pitching for Vermont Lake Monsters : RHP Ramón Martínez
Batting: LHB Jeff Lawson 0-0: Ground out 6-3 (Groundball, 6)
Batting: RHB Bruce Ingilby 0-0: Ball
1-0: Called Strike
1-1: Foul Ball, location: 2F
1-2: SINGLE (Groundball, 34D)
Batting: LHB Dae-ik Park 0-0: Ball
1-0: Ball
2-0: Called Strike
2-1: Foul Ball, location: 2F
2-2: Strikes out swinging
Batting: LHB Octávio Ontiveros 0-0: Swinging Strike
0-1: Called Strike
0-2: SINGLE (Line Drive, 6MD)
Bruce Ingilby to second
Runner from 2nd tries for 3rd, SAFE, no throw
Batting: LHB Edgardo De Jesús 0-0: Ball
1-0: Foul Ball, location: 2F
1-1: Ball
2-1: Swinging Strike
2-2: Strikes out swinging
Bottom of the 5th over - 0 runs, 2 hits, 0 errors, 2 left on base; Vermont 1 - Plymouth 2
TOP OF THE 6TH
Vermont Lake Monsters batting - Pitching for Plymouth Rocks : RHP Arturo Gramer
Batting: RHB Cosmo Castanhedo 0-0: Ball
1-0: Ground out 4-3 (Groundball, 4S)
Batting: RHB Ricardo Téllez 0-0: Ball
1-0: Swinging Strike
1-1: Swinging Strike
1-2: Foul Ball, location: 2F
1-2: Strikes out looking
Batting: LHB Sébastien Cornu 0-0: Called Strike
0-1: Called Strike
0-2: Strikes out swinging
Top of the 6th over - 0 runs, 0 hits, 0 errors, 0 left on base; Vermont 1 - Plymouth 2
BOTTOM OF THE 6TH
Plymouth Rocks batting - Pitching for Vermont Lake Monsters : RHP Ramón Martínez
Batting: RHB Ernesto Trevino 0-0: Ball
1-0: DOUBLE (Line Drive, 78D)
Batting: RHB Xi-ku See-to 0-0: Swinging Strike
0-1: Fly out, F4 (Line Drive, 6M)
Batting: SHB Javier Vega 0-0: Foul Ball, location: 2F
0-1: Ball
1-1: Foul Ball, location: 2F
1-2: Strikes out looking
Batting: RHB Chang-lit Min 0-0: Ball
1-0: Ground out 4-3 (Groundball, 4)
Bottom of the 6th over - 0 runs, 1 hit, 0 errors, 1 left on base; Vermont 1 - Plymouth 2
TOP OF THE 7TH
Vermont Lake Monsters batting - Pitching for Plymouth Rocks : RHP Arturo Gramer
Batting: RHB Hsi-men King 0-0: Called Strike
0-1: Foul Ball, location: 2F
0-2: Ball
1-2: Strikes out swinging
Batting: RHB Jason Slaybaugh 0-0: Ball
1-0: Ground out 4-3 (Groundball, 4S)
Batting: RHB Gabe Cain 0-0: Ball
1-0: Ball
2-0: Ground out 3-1 (Groundball, 34S)
Top of the 7th over - 0 runs, 0 hits, 0 errors, 0 left on base; Vermont 1 - Plymouth 2
BOTTOM OF THE 7TH
Plymouth Rocks batting - Pitching for Vermont Lake Monsters : RHP Ramón Martínez
Batting: LHB Jeff Lawson 0-0: Ball
1-0: Swinging Strike
1-1: Foul Ball, location: 2F
1-2: Strikes out looking
Batting: RHB Bruce Ingilby 0-0: Ground out 5-3 (Groundball, 5S)
Batting: LHB Dae-ik Park 0-0: Ball
1-0: SINGLE (Flyball, 89M)
Pinch Hitting: LHB Lance Antle 0-0: DOUBLE (Line Drive, 78D)
Dae-ik Park to third
Batting: LHB Edgardo De Jesús 0-0: Ball
1-0: Swinging Strike
1-1: Ground out 6-3 (Groundball, 6)
Bottom of the 7th over - 0 runs, 2 hits, 0 errors, 2 left on base; Vermont 1 - Plymouth 2
TOP OF THE 8TH
Vermont Lake Monsters batting - Pitching for Plymouth Rocks : RHP Arturo Gramer
Now at SS: Kazu Hishida
Batting: RHB Marcel Roks 0-0: Fly out, F7 (Flyball, 7LD)
Batting: RHB Ramón Soto 0-0: Called Strike
0-1: Foul Ball, location: 2F
0-2: Foul Ball, location: 2F
0-2: Foul Ball, location: 2F
0-2: Ball
1-2: Foul Ball, location: 2F
1-2: Ball
2-2: Strikes out looking
Batting: LHB Manuel Núńez 0-0: Ball
1-0: Ball
2-0: Called Strike
2-1: Ball
3-1: Swinging Strike
3-2: Fly out, F7 (Flyball, 78M)
Top of the 8th over - 0 runs, 0 hits, 0 errors, 0 left on base; Vermont 1 - Plymouth 2
BOTTOM OF THE 8TH
Plymouth Rocks batting - Pitching for Vermont Lake Monsters : RHP Ramón Martínez
Batting: RHB Ernesto Trevino 0-0: Called Strike
0-1: Fly out, F9 (Flyball, 9LDF)
Batting: RHB Xi-ku See-to 0-0: Ball
1-0: Foul Ball, location: 2F
1-1: Called Strike
1-2: SINGLE (Groundball, 56D)
Batting: SHB Javier Vega 0-0: Called Strike
0-1: SINGLE (Groundball, 3L) (infield hit)
Xi-ku See-to to second
Batting: RHB Chang-lit Min 0-0: Called Strike
0-1: Ball
1-1: Ball
2-1: Foul Ball, location: 2F
2-2: DOUBLE (Groundball, 3D)
Xi-ku See-to scores
Javier Vega to third
Pitching: LHP Mannus Dijkman
Pinch Hitting: RHB Cosmo Bjorkenheim 0-0: Called Strike
0-1: Swinging Strike
0-2: Strikes out swinging
Batting: RHB Bruce Ingilby 0-0: Foul Ball, location: 2F
0-1: Hit by Pitch
Batting: LHB Dae-ik Park 0-0: Ball
1-0: Swinging Strike
1-1: Ball
Wild Pitch!
Javier Vega scores
Chang-lit Min to third
Bruce Ingilby to second
2-1: Swinging Strike
2-2: Strikes out swinging
Bottom of the 8th over - 2 runs, 3 hits, 0 errors, 2 left on base; Vermont 1 - Plymouth 4
TOP OF THE 9TH
Vermont Lake Monsters batting - Pitching for Plymouth Rocks : RHP Arturo Gramer
Pitching: RHP Artie Best
Now in LF: Cosmo Bjorkenheim
Batting: RHB Cosmo Castanhedo 0-0: Ball
1-0: Ball
2-0: Called Strike
2-1: Ball
3-1: Ground out 6-3 (Groundball, 6S)
Batting: RHB Ricardo Téllez 0-0: Called Strike
0-1: Foul Ball, location: 2F
0-2: Ball
1-2: Strikes out looking
Batting: LHB Sébastien Cornu 0-0: Swinging Strike
0-1: Swinging Strike
0-2: Ball
1-2: Ball
2-2: Foul Ball, location: 2F
2-2: Strikes out swinging
Top of the 9th over - 0 runs, 0 hits, 0 errors, 0 left on base; Vermont 1 - Plymouth 4
Friday, March 29th, 2019 - OOTP Baseball 18.8 Build 76